 Dungeon Crawl Stone Soup version 0.24.0-13-gcf9b3192b9 (webtiles) character file.

Game seed: 7477936960131694753, levelgen mode: deterministic

4750 Froggeryz the Frost Mage (level 10, -1/126 HPs)
             Began as a Naga Ice Elementalist on Nov 5, 2019.
             Was a Follower of Vehumet.
             Slain by a wolf (5 damage)
             ... led by Grum
             ... on level 8 of the Dungeon.
             The game lasted 00:17:56 (7510 turns).

Froggeryz the Frost Mage (Naga Ice Elementalist)    Turns: 7510, Time: 00:17:57

Health: -1/126     AC: 25    Str: 15    XL:     10   Next: 46%
Magic:  17/17      EV:  1    Int: 19    God:    Vehumet [*.....]
Gold:   406        SH:  0    Dex: 16    Spells: 14/19 levels left

rFire    . . .     SeeInvis +   w - +11 dagger of the Fifty Scars {pain, rN+ Str+4 Stlth+}
rCold    . . .     Gourm    .   (no shield)
rNeg     + + +     Faith    .   (armour currently unavailable)
rPois    +         Spirit   .   (helmet currently unavailable)
rElec    .         Reflect  .   (cloak currently unavailable)
rCorr    .         Harm     .   (gloves currently unavailable)
MR       ++...     Clarity  +   (no barding) Stlth ++++......NoTele +
                                t - amulet of magic regeneration
HPRegen  0.31/turn              m - ring of flight
MPRegen  0.40/turn              C - ring of protection from magic

@: agile, tree-form
A: large, see invisible, clarity, slow metabolism 1, spit poison 1, AC +3
a: Spit Poison, Renounce Religion


You were on level 8 of the Dungeon.
You worshipped Vehumet.
Vehumet was aware of your devotion.
You were very hungry.
You were a tree.
You visited 2 branches of the dungeon, and saw 9 of its levels.
You also visited: Ossuary.

You collected 406 gold pieces.

Inventory:

Hand Weapons
 w - the +11 dagger of the Fifty Scars (weapon) {pain, rN+ Str+4 Stlth+}
   (You took it off a crimson imp on level 8 of the Dungeon)

   In the hands of one skilled in necromantic magic, it inflicts extra damage on
   living creatures.
   It affects your strength (+4).
   It protects you from negative energy.
   It makes you more stealthy.
 z - a +3 mace of crushing
 A - a +1 mace of holy wrath
Missiles
 d - 3 boomerangs (quivered)
 k - 19 poisoned darts
Armour
 a - a +0 robe (melded)
 g - a +2 cloak (melded)
 u - a +2 helmet (melded)
Jewellery
 f - an uncursed amulet of rage
 m - a ring of flight (left branch)
 t - an amulet of magic regeneration (around neck)
 C - a ring of protection from magic (right branch)
 G - an uncursed amulet of faith
Wands
 l - a wand of iceblast (9)
 x - a wand of clouds (1)
Scrolls
 e - 6 scrolls of teleportation
 h - a scroll of magic mapping {unknown}
 i - 3 scrolls of remove curse
 j - 4 scrolls of identify
 n - a scroll of enchant weapon
 o - 3 scrolls of immolation
 y - a scroll of fog {unknown}
Potions
 b - 3 potions of curing
 q - a potion of magic
 r - a potion of mutation
 B - 2 potions of haste
Comestibles
 c - 12 rations


   Skills:
 - Level 3.0 Fighting
 - Level 4.0 Maces & Flails
 - Level 1.5 Dodging
 - Level 3.0 Stealth
 - Level 5.1 Spellcasting
 * Level 7.2 Conjurations
 + Level 11.2 Ice Magic


You had 14 spell levels left.
You knew the following spells:

 Your Spells              Type           Power        Failure   Level  Hunger
a - Freeze                Ice            ####         1%          1    None
b - Throw Icicle          Conj/Ice       #####...     2%          4    ####...

Your spell library contained the following spells:

 Spells                   Type           Power        Failure   Level  Hunger
 Sandblast                Erth           #.....       12%         1    None
 Throw Frost              Conj/Ice       #####.       1%          2    #......
 Ozocubu's Armour         Chrm/Ice       ####....     3%          3    ##.....
 Summon Ice Beast         Ice/Summ       ####....     12%         4    ####...


Dungeon Overview and Level Annotations

Branches:
Dungeon (8/15)             Temple (1/1) D:6         Ossuary (visited)
   Lair: D:8-11

Altars:
Ashenzari
Fedhas
Ru
Sif Muna
Trog
Vehumet
Wu Jian
Xom
Yredelemnul

Annotations:
D:8 exclusion: ice statue


Innate Abilities, Weirdness & Mutations

You cannot wear boots.
((Your serpentine skin is tough. (AC +3)))
You have supernaturally acute eyesight. (SInv)
((Armour fits poorly on your strangely shaped body.))
((Your system is resistant to poisons. (rPois)))
((You cover ground very slowly.))
You have a slow metabolism.
You can spit poison.
((You are partially covered in iridescent scales. (AC +2)))
((You are partially covered in large bone plates. (SH +4)))
You possess an exceptional clarity of mind.


Message History

Vehumet accepts your kill.
The wolf bites you but does no damage. x3
Unknown command.
You miss the wolf.
The wolf bites you but does no damage. x3
The wolf bites you!
* * * LOW HITPOINT WARNING * * *
You hit the wolf but do no damage.
The wolf bites you but does no damage. x2
The wolf completely misses you. The wolf bites you.
* * * LOW HITPOINT WARNING * * *
Unknown command.
You are feeling very hungry.
You closely miss the wolf. The wolf bites you.
* * * LOW HITPOINT WARNING * * *
The wolf bites you.
* * * LOW HITPOINT WARNING * * *
Unknown command.
It was a potion of agility.
You feel agile all of a sudden.
The wolf bites you but does no damage. x3; The wolf bites you.
You die...

##≈≈...$8$...≈≈##.$#
.#≈≈..#$$?#..≈≈#...#
..≈≈≈.##.##.≈≈≈..#.#
...≈≈≈.....≈≈≈..##.#
...##≈≈..4≈4##..#..
..###≈≈≈≈≈≈≈###...#
..##..≈≈≈≈≈..##..#
.......###.......#
..).....#......h♣#
##.............h○##
...............○.°#
#...........).....#
#.............§○°§☼#
#.............#....#
......##.###..##....#
....#..#.# ....#...##
...##. ...##.###...#


You could see an ice devil (wandering) and 2 wolves.

Vanquished Creatures
  Psyche (D:8)
  3 ice devils (D:8)
  2 hippogriffs
  Grum (D:8)
  Menkaure (D:5)
  A water moccasin (D:4)
  A black bear (D:6)
  3 sky beasts
  2 ice beasts (D:5)
  A phantom (D:7)
  2 ogres (D:8)
  2 centaurs
  A wolf (D:8)
  7 bullfrogs
  5 water moccasin zombies (Ossuary)
  A scorpion (D:4)
  A wyvern skeleton (D:8)
  5 killer bees (D:8)
  2 howler monkeys
  2 crimson imps
  4 hounds
  A quasit (D:8)
  A centaur skeleton (D:8)
  A jelly (D:8)
  2 orc priests (D:8)
  Ijyb (D:5)
  Terence (D:3)
  Natasha (thrice) (D:2)
  An iguana (D:4)
  3 worker ants
  A big kobold zombie (Ossuary)
  2 hound skeletons (D:4)
  3 mummies
  Robin (D:3)
  2 worker ant zombies
  8 adders
  4 gnolls
  2 shadow imps
  4 ufetubi (D:8)
  3 adder zombies
  2 worms
  2 leopard geckos
  13 orcs
  5 ball pythons
  8 bats
  4 giant cockroaches
  14 goblins
  4 hobgoblins
  6 jackals
  5 quokkas
  8 frilled lizards
  3 gnoll zombies (Ossuary)
  8 hobgoblin zombies
  A jackal skeleton (D:4)
  A kobold (D:3)
  4 kobold zombies (Ossuary)
  3 orc zombies
  A quokka skeleton (D:8)
  7 rats
191 creatures vanquished.

Vanquished Creatures (collateral kills)
  A killer bee (D:8)
1 creature vanquished.

Grand Total: 192 creatures vanquished

Notes
Turn   | Place    | Note
-------+----------+-------------------------------------------
     0 | D:1      | Froggeryz the Naga Ice Elementalist began the quest for the
                  | Orb.
     0 | D:1      | Reached XP level 1. HP: 15/15 MP: 3/3
   485 | D:1      | Reached XP level 2. HP: 22/22 MP: 5/5
   855 | D:1      | Reached skill level 4 in Ice Magic
   855 | D:1      | Reached XP level 3. HP: 28/28 MP: 4/6
  1438 | D:2      | Noticed Natasha
  1447 | D:2      | Killed Natasha
  1447 | D:2      | Reached skill level 5 in Ice Magic
  1447 | D:2      | Reached XP level 4. HP: 9/36 MP: 4/7
  1503 | D:2      | Noticed Natasha
  1506 | D:2      | Killed Natasha
  1786 | D:2      | Noticed Natasha
  1794 | D:2      | Killed Natasha
  1794 | D:2      | Reached XP level 5. HP: 42/42 MP: 6/8
  2143 | D:3      | Found a faded altar of an unknown god.
  2310 | D:3      | Noticed Robin
  2318 | D:3      | Killed Robin
  2318 | D:3      | Reached skill level 6 in Ice Magic
  2481 | D:3      | Noticed Terence
  2491 | D:3      | Killed Terence
  2752 | D:4      | Reached XP level 6. HP: 49/49 MP: 9/9
  2851 | D:4      | Reached skill level 7 in Ice Magic
  3297 | D:4      | Reached XP level 7. HP: 53/55 MP: 10/10
  3401 | D:5      | Entered Level 5 of the Dungeon
  3416 | D:5      | Noticed Menkaure
  3422 | D:4      | Gained mutation: You are partially covered in large bone
                  | plates. (SH +4) [potion of mutation]
  3422 | D:4      | Gained mutation: You are partially covered in iridescent
                  | scales. (AC +2) [potion of mutation]
  3422 | D:4      | Gained mutation: You possess an exceptional clarity of
                  | mind. [potion of mutation]
  3439 | D:4      | Reached skill level 8 in Ice Magic
  3662 | D:5      | Killed Menkaure
  3666 | D:5      | Found a sand-covered staircase.
  3670 | Ossuary  | Entered an ossuary
  3826 | Ossuary  | Reached XP level 8. HP: 39/62 MP: 14/14
  4226 | Ossuary  | Reached skill level 5 in Spellcasting
  4597 | D:5      | Reached skill level 1 in Fighting
  4600 | D:5      | Noticed Ijyb
  4610 | D:5      | Killed Ijyb
  4652 | D:5      | Found a sacrificial altar of Ru.
  4692 | D:5      | Reached skill level 9 in Ice Magic
  4889 | D:5      | Found a bloodstained altar of Trog.
  5473 | D:6      | Reached skill level 1 in Maces & Flails
  5487 | D:6      | Found a staircase to the Ecumenical Temple.
  5640 | Temple   | Entered the Ecumenical Temple
  5698 | Temple   | Became a worshipper of Vehumet
  5896 | D:6      | Reached XP level 9. HP: 67/75 MP: 16/16
  6228 | D:7      | Reached skill level 10 in Ice Magic
  6320 | D:7      | Learned a level 4 spell: Throw Icicle
  6580 | D:7      | Found a shimmering altar of Xom.
  6730 | D:8      | Found a blossoming altar of Fedhas.
  7006 | D:8      | Noticed an ice devil
  7024 | D:8      | Noticed an ice devil
  7024 | D:8      | Noticed an ice devil
  7025 | D:8      | Noticed an ice devil
  7026 | D:8      | Noticed an ice devil
  7026 | D:8      | Noticed an ice statue
  7026 | D:8      | Noticed an ice devil
  7026 | D:8      | Noticed an ice devil
  7029 | D:8      | Noticed an ice devil
  7035 | D:8      | Killed an ice devil
  7035 | D:8      | Reached skill level 5 in Conjurations
  7035 | D:8      | Reached XP level 10. HP: 84/84 MP: 17/17
  7041 | D:8      | Reached * piety under Vehumet
  7041 | D:8      | Offered knowledge of Sandblast by Vehumet.
  7162 | D:8      | Found an ornate altar of the Wu Jian Council.
  7197 | D:8      | Identified the +11 dagger of the Fifty Scars {pain, rN+
                  | Str+4 Stlth+}
  7201 | D:8      | Reached skill level 11 in Ice Magic
  7470 | D:8      | Noticed Psyche
  7477 | D:8      | Killed Psyche
  7482 | D:8      | Noticed Grum
  7496 | D:8      | Killed Grum
  7509 | D:8      | HP: 6/126 [wolf[Grum] (2)]
  7510 | D:8      | Slain by a wolf

Levels and vault maps discovered:
D:1:      wander_arrival_estate, layout_basic
D:2:      kennysheep_six_static_rooms, layout_rooms, first_ration,
          minmay_3d_cube, uniq_natasha
D:3:      layout_loops_ring, chequers_ecumenical_altar_simple, uniq_robin,
          uniq_terence
D:4:      layout_cave_pools, grunt_decor_fettered
D:5:      layout_loops_ring, kennysheep_mini, nicolae_ru_the_path_less_chosen,
          nicolae_ossuary_entry_giza, uniq_ijyb, uniq_menkaure
D:6:      layout_basic, temple_hall
D:7:      layout_cave_pools, overflow_temple_1_default
D:8:      cheibrodos_frozen_isle, layout_cave_pools, old_standard_altar,
          grunt_temple_overflow_open, lemuel_round_altar, uniq_psyche,
          uniq_harold, uniq_grum
Temple:   nicolae_temple_figure_zero

Skill      XL: |  1  2  3  4  5  6  7  8  9 10 |
---------------+-------------------------------+-----
Ice Magic      | 4 5 6 7 8 9 10 11 | 11.2
Spellcasting   | 4 5 |  5.1
Fighting       | 3 |  3.0
Maces & Flails | 2 4 |  4.0
Conjurations   | 5 7 |  7.2
Dodging        | |  1.5
Stealth        | |  3.0

Action                   |  1- 3 |  4- 6 |  7- 9 | 10-12 || total
-------------------------+-------+-------+-------+-------++-------
Melee: Unarmed           |     9 |       |       |       ||     9
       Mace              |    35 |   114 |   337 |    17 ||   503
       Dagger            |       |       |       |    19 ||    19
Throw: Boomerang         |     7 |    12 |     9 |     1 ||    29
 Cast: Freeze            |    21 |    17 |    39 |     5 ||    82
       Throw Icicle      |       |       |       |     8 ||     8
 Abil: Spit Poison       |     9 |    15 |    12 |     6 ||    42
Evoke: Wand              |       |       |     8 |    57 ||    65
  Use: Scroll            |       |     4 |     8 |       ||    12
       Potion            |       |       |    11 |     3 ||    14
 Stab: Sleeping          |     2 |     2 |     4 |       ||     8
       Confused          |       |       |       |     1 ||     1
  Eat: Chunk             |     1 |     6 |     5 |     2 ||    14
       Ration            |       |       |     2 |       ||     2
Armor: Robe              |    27 |    88 |   213 |    31 ||   359
       Skin              |       |       |    23 |    29 ||    52
Dodge: Dodged            |    53 |    93 |   232 |    46 ||   424
Block: Other             |       |       |    97 |    15 ||   112
